 Dungeon Crawl Stone Soup version 0.29-a0-451-gfbfa42419e (webtiles) character file.

Game seed: 10332769062420025789

494 Impy the Shooter (level 6, -3/38 HPs)
             Began as a Deep Elf Hunter on May 19, 2022.
             Was a Follower of Okawaru.
             Killed by divine providence
             ... invoked by an orc priest
              (10 damage)
             ... on level 4 of the Dungeon.
             The game lasted 00:08:48 (3567 turns).

Impy the Shooter (Deep Elf Hunter)                  Turns: 3567, Time: 00:08:49

Health: -3/38      AC:  6    Str:  8    XL:     6   Next: 92%
Magic:  8/8        EV: 14    Int: 14    God:    Okawaru [*.....]
Gold:   181        SH:  0    Dex: 20    Spells: 5/5 levels left

rFire   . . .      SeeInvis .   a - +1 shortbow
rCold   + . .      Faith    .   (shield currently unavailable)
rNeg    . . .      Spirit   .   b - +0 leather armour
rPois   .          Reflect  .   (no helmet)
rElec   .          Harm     .   (no cloak)
rCorr   .          Rampage  .   d - +2 pair of gloves
Will    .....                   (no boots)
Stlth   ++........              (no amulet)
HPRegen 0.12/turn               i - ring of protection from cold
MPRegen 0.11/turn               (no ring)

@: no status effects
A: no striking features
a: Renounce Religion, Heroism


You were on level 4 of the Dungeon.
You worshipped Okawaru.
Okawaru was aware of your devotion.
You visited 2 branches of the dungeon, and saw 5 of its levels.

You collected 181 gold pieces.

Inventory:

Hand Weapons
 a - a +1 shortbow (weapon)
Armour
 b - a +0 leather armour (worn)
 d - a +2 pair of gloves (worn)
Jewellery
 i - a ring of protection from cold (left hand)
 j - a +6 ring of intelligence
Wands
 g - a wand of paralysis (2)
Scrolls
 c - 4 scrolls of immolation
 f - 3 scrolls of teleportation
 h - a scroll of blinking
 l - 2 scrolls of identify
Potions
 k - 2 potions of brilliance


   Skills:
 + Level 3.8 Fighting
 + Level 7.6 Bows
 + Level 5.5 Dodging
 - Level 1.2 Stealth


You had 5 spell levels left.
You didn't know any spells.
Your spell library contained the following spells:

 Spells                   Type           Power      Damage    Failure   Level
 Sandblast                Erth           0%         2d4       38%         1
 Slow                     Hex            0%         N/A       38%         1
 Passwall                 Tmut/Erth      0%         N/A       54%         2
 Confusing Touch          Hex            0%         N/A       77%         3
 Portal Projectile        Hex/Tloc       0%         N/A       77%         3
 Stone Arrow              Conj/Erth      0%         3d7       77%         3
 Vampiric Draining        Necr           0%         2d6       77%         3
 Blade Hands              Tmut           0%         N/A       100%        5
 Tukima's Dance           Hex            Unusable   N/A       N/A         3

Dungeon Overview and Level Annotations

Branches:
Dungeon (4/15)             Temple (1/1) D:4

Altars:
Dithmenos
Elyvilon
Gozag
Kikubaaqudgha
Nemelex Xobeh
Okawaru
Ru
Sif Muna
Uskayaw
Wu Jian
Yredelemnul
The Shining One

Shops:
D:1 :

Annotations:
D:4 2 transporters, stil's ghost, amateur MiFi


Message History

The orc attacks as you move away! The orc barely misses you.
You shoot an arrow. The arrow hits the orc.
The orc is heavily wounded.
The orc hits you but does no damage.
You shoot an arrow. The arrow hits the orc.
The orc is heavily wounded.
The orc hits you with a +0 war axe!
You are too injured to fight recklessly!
You feel better. The orc hits you with a +0 war axe.
The orc priest calls down the wrath of Beogh upon you.
Beogh smites you!
* * * LOW HITPOINT WARNING * * *
You are too injured to fight recklessly!
You feel better. The orc closely misses you.
You are too injured to fight recklessly!
Shoot: a) +1 shortbow
Press: ? - help, Shift-Dir - straight line, f/p - orc
Aim: an orc, wielding a +0 war axe and wearing a +0 leather armour (heavily wounded, 67% to hit)
You shoot an arrow. The arrow closely misses the orc.
The arrow closely misses the orc priest.
The orc closely misses you.
Shoot: a) +1 shortbow
Press: ? - help, Shift-Dir - straight line, f/p - orc
Aim: an orc, wielding a +0 war axe and wearing a +0 leather armour (heavily wounded, 67% to hit)
You shoot an arrow. The arrow hits the orc!
You kill the orc!
Okawaru accepts your kill.
The orc priest invokes the aid of Beogh against you.
You struggle to resist.
Shoot: a) +1 shortbow
Press: ? - help, Shift-Dir - straight line, f - orc wizard
Aim: an orc wizard, wielding a +0 dagger and wearing a +0 robe (61% to hit)
You shoot an arrow.
The arrow completely misses the orc wizard.
The arrow closely misses the orc priest.
The orc priest looks satisfied for a moment.
The orc wizard completely misses you.
The orc priest invokes the aid of Beogh against you.
Beogh smites you!
You die...

#.# #.# #.# #.# #.#
######
#####>#####....###
.................#
#####..#...##..#.#
..##....#.#..#.#@#
#.##.#..#....#.#o#
#.....##....#..#o..o...#
#.#......>........#o....
#.##..#....##..#... ....
#.##.#...(#..#.#..#. ...
#.##.#..#†#....#..##. .#
#.....##...#..##..# #. #
#####........###..# .#


You could see an orc priest and an orc wizard.

Vanquished Creatures
  A necrophage (D:4)
  A gnoll sergeant (D:4)
  3 scorpions (D:4)
  An orc wizard (D:4)
  An adder (D:4)
  9 gnolls
  An ufetubus (D:4)
  3 dart slugs
  4 orcs (D:4)
  9 ball pythons
  6 endoplasms
  5 hobgoblins
  2 jackals (D:1)
  8 kobolds
  4 quokkas
  4 bats
  5 frilled lizards
  4 goblins
  3 rats
74 creatures vanquished.

Vanquished Creatures (collateral kills)
  A hobgoblin (D:4)
1 creature vanquished.

Vanquished Creatures (others)
  2 demonic plants (D:2)
2 creatures vanquished.

Grand Total: 77 creatures vanquished

Notes
Turn   | Place    | Note
-------+----------+-------------------------------------------
     0 | D:1      | Impy the Deep Elf Hunter began the quest for the Orb.
     0 | D:1      | Reached XP level 1. HP: 12/12 MP: 3/3
   287 | D:1      | Reached XP level 2. HP: 13/17 MP: 4/4
   541 | D:1      | Found Jaosh's Book Boutique.
  1198 | D:2      | Found an ornate altar of the Wu Jian Council.
  1334 | D:2      | Reached XP level 3. HP: 21/21 MP: 5/5
  1856 | D:2      | Found a faded altar of an unknown god.
  2013 | D:3      | Reached skill level 6 in Bows
  2015 | D:3      | Reached XP level 4. HP: 22/27 MP: 6/6
  2696 | D:4      | Noticed a gnoll sergeant
  2732 | D:4      | Reached XP level 5. HP: 15/32 MP: 7/7
  2927 | D:4      | Found a transporter.
  2955 | D:4      | Found a transporter.
  2955 | D:4      | Noticed stil's ghost (amateur MiFi)
  2993 | D:4      | Found a staircase to the Ecumenical Temple.
  3001 | Temple   | Entered the Ecumenical Temple
  3028 | Temple   | Became a worshipper of Warmaster Okawaru
  3061 | D:4      | Reached skill level 7 in Bows
  3061 | D:4      | Reached XP level 6. HP: 28/37 MP: 8/8
  3182 | D:4      | Reached skill level 5 in Dodging
  3480 | D:4      | Reached * piety under Okawaru
  3563 | D:4      | HP: 1/38 [orc priest/divine providence (14)]
  3567 | D:4      | Killed from afar by an orc priest

Illustrated notes

Levels and vault maps discovered:
D:1:      minmay_arrival_arboretum_small, layout_loops_corners, serial_shops,
          shop_fountains, st_stairs_4
D:2:      layout_loops_ring, dreamdust_ecumenical_altar_sealed_demon,
          basic_altar
D:3:      layout_rooms
D:4:      layout_loops_ring, grunt_temple_overflow_champion_of_chaos,
          nicolae_qazlal_eye_of_the_storm, minmay_temple_entry_mini_moons,
          gammafunk_ghost_arena, grunt_ministairs_1
Temple:   eino_wide_crystal_templ

Skill      XL: |  1  2  3  4  5  6 |
---------------+-------------------+-----
Fighting       | 2 3 |  3.8
Dodging        | 3 4 5 |  5.5
Bows           | 6 7 |  7.6
Stealth        | |  1.2

Action                   |  1- 3 |  4- 6 || total
-------------------------+-------+-------++-------
 Fire: Shortbow          |    95 |   124 ||   219
Evoke: Wand              |       |     8 ||     8
  Use: Scroll            |     4 |     6 ||    10
       Potion            |     3 |     7 ||    10
Armor: Leather armour    |    14 |    11 ||    25
Dodge: Dodged            |    34 |    37 ||    71

Table legend: (Time is in decaauts)
 A = Elapsed time spent in this place.
 B = Non-inter-level travel time spent in this place.
 C = Inter-level travel time spent in this place.
 D = Time resting spent in this place.
 E = Time spent auto-exploring this place.
 F = Levels seen in this place.
 G = Mean time per level.
                   A        B        C        D        E       F      G
               +--------+--------+--------+--------+--------+-----+--------+
         Total |   3604 |   3537 |     67 |    100 |   2912 |   5 |  720.8 |
       Dungeon |   3556 |   3509 |     47 |    100 |   2899 |   4 |  889.0 |
        Temple |     47 |     27 |     20 |      0 |     13 |   1 |   47.0 |
               +--------+--------+--------+--------+--------+-----+--------+

Top non-repeatable levels by time:
     D:1: 1182 daAuts
     D:4: 948 daAuts
     D:2: 757 daAuts
     D:3: 668 daAuts
  Temple: 47 daAuts
